 Dungeon Sprint DCSS version 0.30.1 (webtiles) character file.

Game seed: 15632334105079901152

4866 boopmooplesden the Fighter (level 10, -5/148 HPs)
             Began as a Demonspawn Berserker on July 5, 2023.
             Was a High Priest of Trog.
             Slain by a tentacle (21 damage)
             ... attached to a kraken
             ... in the Dungeon (Sprint II: "The Violet Keep of Menkaure").
             The game lasted 00:05:47 (1955 turns).

boopmooplesden the Fighter (Demonspawn Berserker)   Turns: 1955, Time: 00:05:48

Health: -5/148     AC:  8    Str: 19    XL:     10   Next: 26%
Magic:  10/10      EV: 16    Int: 10    God:    Trog [*****.]
Gold:   778        SH:  0    Dex: 14    Spells: 9/9 levels left

rFire   . . .        d - +2 spear
rCold   + . .        (no shield)
rNeg    . . .        i - +3 leather armour "Bela" {-Tele rPois Regen+}
rPois   +            (no helmet)
rElec   .            (no cloak)
rCorr   .            (no gloves)
SInv    .            (no boots)
Will    .....        (no amulet) Stlth
                     A - ring of protection from cold
HPRegen 1.24/turn    j - ring of flight
MPRegen 0.24/turn

%: no teleportation
@: berserking (expiring), flying, very quick
A: hooves 2, rugged brown scales 2, ignite blood 2, magic regeneration
a: Renounce Religion, Berserk, Trog's Hand, Brothers in Arms


You were in the Dungeon.
You worshipped Trog.
Trog was extremely pleased with you.
You visited 1 branch You collected 932 gold pieces.
You spent 154 gold pieces at shops.

Inventory:

Hand Weapons
 a - a +0 spear
 d - a +2 spear (weapon)
Armour
 b - a +0 animal skin
 i - the +3 leather armour "Bela" (worn) {-Tele rPois Regen+}
   (You bought it in a shop in the Dungeon)

   rPois:     It protects you from poison.
   -Tele:     It prevents most forms of teleportation.
   Regen:     It increases your rate of health regeneration.
 t - a +1 pair of gloves
 y - a +0 plate armour
Jewellery
 j - a ring of flight (right hand)
 u - a ring of magical power
 v - a +5 ring of evasion
 A - a ring of protection from cold (left hand)
 C - a +5 ring of evasion
Scrolls
 h - 2 scrolls of blinking
 l - 5 scrolls of enchant weapon {unknown}
 n - 5 scrolls of identify {unknown}
 o - a scroll of fog {unknown}
 q - 2 scrolls of magic mapping {unknown}
 w - 2 scrolls of fear {unknown}
 x - a scroll of butterflies {unknown}
 B - a scroll of poison {unknown}
Potions
 c - 3 potions of curing
 e - 2 potions of haste
 f - 5 potions of magic
 g - a potion of berserk rage
 k - 2 potions of heal wounds
 m - 3 potions of flight {unknown}
 p - 3 potions of resistance {unknown}
 r - 4 potions of lignification {unknown}
 s - a potion of degeneration {unknown}
 z - a potion of brilliance {unknown}


   Skills:
 + Level 14.8 Fighting
 + Level 13.9 Polearms
 + Level 7.0 Armour
 + Level 10.2 Dodging
 + Level 1.1 Stealth


You had 9 spell levels left.
You didn't know any spells.
Your spell library was empty.

Dungeon Overview and Level Annotations

Branches:
Dungeon (1/1)

Altars:
Cheibriados
Dithmenos
Fedhas
Gozag
Hepliaklqana
Kikubaaqudgha
Makhleb
Nemelex Xobeh
Okawaru
Qazlal
Ru
Sif Muna
Trog
Uskayaw
Vehumet
Wu Jian
Xom
Yredelemnul
Jiyva
Lugonu

Shops:
D (:*=([[:=**![!?

Annotations:
D exclusion: oklob plant


Innate Abilities, Weirdness & Mutations

You have hoof-like feet.
You are mostly covered in rugged brown scales. (AC +2, +5% HP)
Your demonic aura often causes spilled blood to erupt in flames.
You regenerate magic rapidly.


Message History

The tentacle segment is lightly wounded.
A tentacle rises from the water!
The tentacle completely misses you.
A tentacle segment comes into view.
You puncture the tentacle segment! You kick the tentacle segment.
The tentacle segment is heavily wounded.
You hit the tentacle segment but do no damage.
The tentacle segment is heavily wounded.
The tentacle slaps you!!
A tentacle segment comes into view.
You hit the tentacle segment.
The tentacle segment is severely wounded.
The tentacle slaps you but does no damage.
You puncture the tentacle segment! You kick the tentacle segment.
The tentacle segment is almost dead.
A tentacle segment comes into view.
You puncture the tentacle segment!
You kill the tentacle segment!
You puncture the tentacle! You kick the tentacle!
The tentacle is heavily wounded.
You barely miss the tentacle.
The tentacle is heavily wounded.
The tentacle is engulfed in blazing flames.
The tentacle slaps you!!
The tentacle segment is engulfed in blazing flames.
A tentacle rises from the water!
You barely miss the tentacle. Your kick misses the tentacle.
The tentacle is severely wounded.
The tentacle is engulfed in blazing flames.
You kill the tentacle!
The tentacle slaps you!!
* * * LOW HITPOINT WARNING * * *
The tentacle is engulfed in blazing flames.
The tentacle slaps you!!
* * * LOW HITPOINT WARNING * * *
You hit the tentacle. You kick the tentacle.
The tentacle is moderately wounded.
The tentacle closely misses you.
The tentacle is engulfed in blazing flames.
The tentacle slaps you!!
You die...

#. #|:▓(...).).▓▓
+.##.#[)▓)[......▓▓
...####▓...(....▓▓
#..##.#▓....)..)▓▓
+..#..#▓..)).[..▓▓
#^.#..#▓[[...)..▓▓
##..##.#▓....[...▓▓
###...##▓▓▓▓▓▓▓○▓▓▓▓+▓
..~~~~~)~÷~~§~~☼@wX≈≈▓
..~#+########'###w≈w≈▓
..~#.._.....#§§§##≈≈≈▓
~.~#._._....#§§§§####▓
~~~#_._._...#~§§§≈##
~~~#._._._..#§§§≈§≈#
§§~#_._._._.#~§§§~≈+
#§§#._._._._#~~~~§§#
#≈≈#_._._._.#~~≈≈≈≈▓


You could see a kraken and 3 tentacles.

Vanquished Creatures
  A merfolk siren (D)
  2 polar bears (D)
  12 flying skulls (D)
  4 water moccasins (D)
  5 scorpions (D)
  4 necrophages (D)
  2 tentacles (D)
30 creatures vanquished.

Vanquished Creatures (collateral kills)
  A boulder beetle (D)
  A yaktaur (D)
  A polar bear (D)
  A hornet (D)
4 creatures vanquished.

Vanquished Creatures (others)
  A boulder beetle (D)
  Menkaure (D)
  A water moccasin (D)
  17 tentacles (D)
20 creatures vanquished.

Grand Total: 54 creatures vanquished

Notes
Turn   | Place    | Note
-------+----------+-------------------------------------------
     0 | D        | boopmooplesden the Demonspawn Berserker began the quest for
                  | the Orb.
     0 | D        | Reached XP level 1. HP: 18/18 MP: 1/1
     1 | D        | Noticed a merfolk siren
    10 | D        | Killed a merfolk siren
    11 | D        | Reached skill level 8 in Fighting
    11 | D        | Gained mutation: You are partially covered in rugged brown
                  | scales. (AC +1, +3% HP) [demonic ancestry]
    11 | D        | Reached XP level 2. HP: 16/33 MP: 2/2
    11 | D        | Reached XP level 3. HP: 19/39 MP: 3/3
    11 | D        | Gained mutation: You have large cloven feet. [demonic
                  | ancestry]
    11 | D        | Reached XP level 4. HP: 22/46 MP: 4/4
    11 | D        | Gained mutation: You are mostly covered in rugged brown
                  | scales. (AC +2, +5% HP) [demonic ancestry]
    11 | D        | Reached XP level 5. HP: 22/53 MP: 5/5
    11 | D        | Gained mutation: Your demonic aura sometimes causes spilled
                  | blood to erupt in flames. [demonic ancestry]
    11 | D        | Reached XP level 6. HP: 25/59 MP: 6/6
   118 | D        | Killed Menkaure
   250 | D        | Reached ** piety under Trog
   251 | D        | Reached skill level 9 in Fighting
   256 | D        | Killed a water moccasin
   272 | D        | Reached skill level 10 in Fighting
   272 | D        | Reached skill level 5 in Dodging
   272 | D        | Gained mutation: You regenerate magic rapidly. [demonic
                  | ancestry]
   272 | D        | Reached XP level 7. HP: 69/69 MP: 7/7
   309 | D        | Noticed a boulder beetle
   309 | D        | Noticed a boulder beetle
   316 | D        | Reached *** piety under Trog
   323 | D        | Reached skill level 10 in Polearms
   323 | D        | Reached skill level 5 in Armour
   393 | D        | Found Nadafuem's Distillery.
   393 | D        | Found Rijaruc's Distillery.
   407 | D        | Reached skill level 11 in Fighting
   407 | D        | Found Pur Limo's Magic Scroll Shop.
   407 | D        | Found Ompiekae's General Store.
   407 | D        | Found Hekhlaungyd's Assorted Antiques.
   407 | D        | Found Rimpead's Jewellery Shop.
   407 | D        | Found Nucvaelu's Book Boutique.
   594 | D        | Found Cirgh's Armour Shop.
   594 | D        | Found Futanij's Antique Armour Boutique.
   594 | D        | Found Wauv's Antique Armour Boutique.
   597 | D        | Noticed a flying skull
   597 | D        | Noticed a flying skull
   599 | D        | Noticed a flying skull
   601 | D        | Noticed a flying skull
   620 | D        | Killed a flying skull
   620 | D        | Reached **** piety under Trog
   621 | D        | Reached XP level 8. HP: 35/78 MP: 8/8
   797 | D        | Noticed a flying skull
   798 | D        | Noticed a flying skull
   798 | D        | Noticed a flying skull
   800 | D        | Noticed a fire dragon
   812 | D        | Killed a flying skull
   923 | D        | Killed a boulder beetle
   990 | D        | Found Hukk's Weapon Shop.
   992 | D        | Found Teobumoc's Jewellery Boutique.
   992 | D        | Found Fischuscho's Assorted Antiques.
   992 | D        | Noticed an oklob plant
   993 | D        | Found Giopnakk's Book Shoppe.
   993 | D        | Found Pout's Antique Weapon Boutique.
   998 | D        | Noticed a slime creature
   998 | D        | Noticed a slime creature
   999 | D        | Noticed a slime creature
  1012 | D        | Bought a jewelled leather armour for 154 gold pieces
  1012 | D        | Identified the +3 leather armour "Bela" {-Tele rPois
                  | Regen+} (You bought it in a shop in the Dungeon)
  1059 | D        | Noticed a flying skull
  1061 | D        | Noticed a flying skull
  1083 | D        | Killed a flying skull
  1095 | D        | Killed a flying skull
  1096 | D        | Reached skill level 12 in Fighting
  1104 | D        | Killed a flying skull
  1104 | D        | Reached ***** piety under Trog
  1107 | D        | HP: 4/80 [flying skull (8)]
  1126 | D        | Killed a flying skull
  1322 | D        | Noticed a flying skull
  1334 | D        | Killed a flying skull
  1335 | D        | Gained mutation: You have hoof-like feet. [demonic
                  | ancestry]
  1335 | D        | Reached XP level 9. HP: 88/88 MP: 9/9
  1348 | D        | Reached skill level 13 in Fighting
  1553 | D        | Found a stormy altar of Qazlal.
  1553 | D        | Found an ornate altar of the Wu Jian Council.
  1554 | D        | Found a hazy altar of Hepliaklqana.
  1554 | D        | Found a sacrificial altar of Ru.
  1554 | D        | Found a shimmering altar of Xom.
  1555 | D        | Found a viscous altar of Jiyva.
  1555 | D        | Found a shimmering blue altar of Sif Muna.
  1556 | D        | Found a snail-covered altar of Cheibriados.
  1556 | D        | Found an ancient bone altar of Kikubaaqudgha.
  1556 | D        | Found a bloodstained altar of Trog.
  1557 | D        | Found a shadowy altar of Dithmenos.
  1557 | D        | Found a corrupted altar of Lugonu.
  1558 | D        | Found a burning altar of Makhleb.
  1559 | D        | Found a blossoming altar of Fedhas.
  1561 | D        | Noticed a polar bear
  1564 | D        | Noticed a polar bear
  1571 | D        | Noticed a yaktaur
  1589 | D        | Killed a polar bear
  1591 | D        | Noticed a polar bear
  1597 | D        | Found an opulent altar of Gozag.
  1603 | D        | Killed a polar bear
  1608 | D        | Killed a yaktaur
  1609 | D        | Reached skill level 14 in Fighting
  1609 | D        | Killed a polar bear
  1610 | D        | Gained mutation: Your demonic aura often causes spilled
                  | blood to erupt in flames. [demonic ancestry]
  1610 | D        | Reached XP level 10. HP: 19/98 MP: 10/10
  1610 | D        | Killed a boulder beetle
  1610 | D        | Received a gift from Trog
  1611 | D        | Reached skill level 1 in Stealth
  1657 | D        | Noticed a kraken
  1676 | D        | Reached skill level 10 in Dodging
  1699 | D        | Found a sparkling altar of Nemelex Xobeh.
  1699 | D        | Found a hide-covered altar of Uskayaw.
  1699 | D        | Found a basalt altar of Yredelemnul.
  1700 | D        | Found an iron altar of Okawaru.
  1700 | D        | Found a radiant altar of Vehumet.
  1955 | D        | Slain by a tentacle

Illustrated notes

Levels and vault maps discovered:
D:        the_violet_keep_of_menkaure [sprint2_stairs_cluster_1,
          sprint2_shoproom, sprint2_temple, sprint2_basic_supplies,
          sprint2_obstacle_1, sprint2_obstacle_7, sprint2_obstacle_3,
          sprint2_obstacle_6, sprint2_obstacle_5, sprint2_timed_cluster_1,
          sprint2_smallroom_cluster_1, sprint2_smallroom_final_cluster_1,
          sprint2_transparent_cluster_1, sprint2_second_timed_cluster_1,
          sprint2_sniper_area_1, sprint2_heavy_combat_area_1,
          sprint2_mutation_trap_area_1, sprint2_forest_area_1,
          sprint2_light_combat_area_1, sprint2_behind_water_1,
          sprint2_near_end_vault_1]

Skill      XL: |  1  2  3  4  5  6  7  8  9 10 |
---------------+-------------------------------+-----
Fighting       | 8 10 11 12 14 | 14.8
Polearms       | 8 9 10 12 13 | 13.9
Armour         | 4 5 6 7 |  7.0
Dodging        | 4 5 7 9 10 | 10.2
Stealth        | 1 |  1.1

Action                     |  1- 3 |  4- 6 |  7- 9 | 10-12 || total
---------------------------+-------+-------+-------+-------++-------
  Melee: Spear             |     6 |    22 |   205 |    51 ||   284
         Kick              |       |     5 |    59 |    13 ||    77
 Invoke: Berserk           |     1 |     1 |     7 |     1 ||    10
         Trog's Hand       |       |       |     2 |       ||     2
         Brothers in Arms  |       |       |     2 |       ||     2
    Use: Potion            |       |       |     1 |       ||     1
 Armour: Animal skin       |       |     2 |     6 |       ||     8
         Leather armour    |       |       |    32 |     8 ||    40
  Dodge: Dodged            |     2 |    11 |   111 |    32 ||   156
